 Dungeon Crawl Stone Soup version 0.26-a0-474-gfaca0e1de5 (webtiles) character file.

Game seed: 2930038998074377505

89 KristoblXynda the Sneak (level 4, -6/36 HPs)
             Began as a Draconian Brigand on July 31, 2020.
             Mangled by an ogre
             ... wielding a +0 giant club
              (21 damage)
             ... on level 3 of the Dungeon.
             The game lasted 00:02:29 (1981 turns).

KristoblXynda the Sneak (Draconian Brigand)         Turns: 1981, Time: 00:02:29

Health: -6/36      AC:  6    Str: 13    XL:     4   Next: 31%
Magic:  4/4        EV: 12    Int: 13    God:
Gold:   114        SH:  0    Dex: 12    Spells: 3/3 levels left

rFire    . . .     SeeInvis .   e - +2 dagger (freeze)
rCold    . . .     Faith    .   (no shield)
rNeg     . . .     Spirit   .   (armour unavailable)
rPois    .         Reflect  .   (helmet restricted)
rElec    .         Harm     .   b - +0 cloak
rCorr    .                      (no gloves)
MR       .....                  (no boots)
Stlth    +++.......             (no amulet)
HPRegen  0.12/turn              (no ring)
MPRegen  0.09/turn              (no ring)

@: no status effects
A: unfitting armour, cold-blooded, AC +5
a: no special abilities


You were on level 3 of the Dungeon.
You visited 1 branch of the dungeon, and saw 3 of its levels.

You collected 114 gold pieces.

Inventory:

Hand Weapons
 a - a +2 dagger
 e - a +2 dagger of freezing (weapon)
 m - a +2 vorpal falchion
Missiles
 c - 8 poisoned darts (quivered)
 d - 2 curare-tipped darts
Armour
 b - a +0 cloak (worn)
Jewellery
 k - an uncursed amulet of magic regeneration
Scrolls
 f - a scroll of teleportation {unknown}
 i - a scroll of random uselessness {unknown}
Potions
 g - a potion of stabbing {unknown}
 h - a potion of invisibility
 j - a potion of magic {unknown}
 l - a potion of might {unknown}


   Skills:
 - Level 2.1 Fighting
 + Level 3.1 Short Blades
 - Level 2.0 Throwing
 + Level 2.1 Dodging
 + Level 4.2 Stealth


You had 3 spell levels left.
You didn't know any spells.
Your spell library was empty.

Dungeon Overview and Level Annotations

Branches:
Dungeon (3/15)

Altars:
Elyvilon
Trog


Innate Abilities, Weirdness & Mutations

Your plain brown scales are hard. (AC +5)
You cannot fit into any form of body armour.
You are cold-blooded and may be slowed by cold attacks.


Message History

a +0 club; 3 boomerangs; a +0 leather armour
Found a ring mail.
You open the door.
An orc wizard comes into view. It is wielding a +0 dagger.
The orc wizard moves out of view.
You open the door. 3 orcs and an ogre come into view.
The orc shouts! x2; The ogre shouts!
The ogre hits you with a +0 giant club!!
Ouch! That really hurt!
There is an open door, spattered with blood here.
You hit the ogre. You freeze the ogre.
The ogre is lightly wounded.
The orc barely misses you.
The orc wizard casts a spell.
The orc wizard flickers and vanishes!
Deactivating autopickup; reactivate with Ctrl-A.
The ogre hits you with a +0 giant club!!
Ouch! That really hurt!
You die...

...###........#'###
#.... ... #............#
##... ## ##.##.......[#
####... #.##.{......#
#......
#.##.##.#.#####...... #.
#.##.#............
#.##.#######......
#.##.# #..........
#@##.# #....".....
#...Oo..###.)....###.
####...o.o.#........# .
#...#.#....#..####+## .
#...._.....#..#
#...#.#....#..#
#.....######..#
#....#######..#
##########.(...........#


You could see an ogre and 3 orcs.

Vanquished Creatures
  4 adders
  3 dart slugs
  An orc (D:3)
  7 bats
  3 giant cockroaches
  5 goblins (D:1)
  6 hobgoblins
  A ball python (D:1)
  5 frilled lizards
  9 kobolds
  6 rats
50 creatures vanquished.

Notes
Turn   | Place    | Note
-------+----------+-------------------------------------------
     0 | D:1      | KristoblXynda the Draconian Brigand began the quest for the
                  | Orb.
     0 | D:1      | Reached XP level 1. HP: 17/17 MP: 1/1
    53 | D:1      | Reached skill level 1 in Dodging
   245 | D:1      | Reached XP level 2. HP: 24/24 MP: 2/2
   761 | D:1      | Reached XP level 3. HP: 27/29 MP: 3/3
   976 | D:2      | Reached skill level 4 in Stealth
  1056 | D:2      | Found a white marble altar of Elyvilon.
  1700 | D:3      | Reached XP level 4. HP: 36/36 MP: 4/4
  1757 | D:3      | Found a bloodstained altar of Trog.
  1979 | D:3      | Noticed an ogre
  1981 | D:3      | Mangled by an ogre

Illustrated notes

Levels and vault maps discovered:
D:1:      wander_arrival_peaceful_grave, layout_basic
D:2:      layout_rooms, old_standard_altar, chequers_serial_rivers_micro_a,
          kennysheep_generic_room_16
D:3:      layout_basic, lemuel_crystal_altar, gammafunk_temple_overflow_claw

Skill      XL: |  1  2  3  4 |
---------------+-------------+-----
Dodging        | 1 2 |  2.1
Throwing       | 2 |  2.0
Stealth        | 4 |  4.2
Short Blades   | 3 |  3.1
Fighting       | |  2.1

Action                   |  1- 3 |  4- 6 || total
-------------------------+-------+-------++-------
Melee: Dagger            |   123 |    30 ||   153
       Tailslap          |    13 |     2 ||    15
  Use: Scroll            |     3 |       ||     3
 Stab: Sleeping          |    10 |       ||    10
Armor: Skin              |    28 |    20 ||    48
Dodge: Dodged            |    74 |    25 ||    99

Table legend: (Time is in decaauts)
 A = Elapsed time spent in this place.
 B = Non-inter-level travel time spent in this place.
 C = Inter-level travel time spent in this place.
 D = Time resting spent in this place.
 E = Time spent auto-exploring this place.
 F = Levels seen in this place.
 G = Mean time per level.
                   A        B        C        D        E       F      G
               +--------+--------+--------+--------+--------+-----+--------+
         Total |   1961 |   1939 |     22 |    189 |   1296 |   3 |  653.7 |
       Dungeon |   1961 |   1939 |     22 |    189 |   1296 |   3 |  653.7 |
               +--------+--------+--------+--------+--------+-----+--------+

Top non-repeatable levels by time:
     D:1: 908 daAuts
     D:2: 596 daAuts
     D:3: 457 daAuts
